 Dungeon Crawl Stone Soup version 0.28.0-53-g5a82cb258f (webtiles) character file.

Game seed: 9100310652531141771

52 ILmort the Chopper (level 3, 0/34 HPs)
             Began as a Hill Orc Monk on Aug 20, 2022.
             Slain by an adder (3 damage)
             ... on level 2 of the Dungeon.
             The game lasted 00:03:01 (1859 turns).

ILmort the Chopper (Hill Orc Monk)                  Turns: 1859, Time: 00:03:02

Health: 0/34       AC:  2    Str: 15    XL:     3   Next: 85%
Magic:  3/3        EV: 12    Int: 10    God:
Gold:   29         SH:  0    Dex: 13    Spells: 2/2 levels left

rFire   . . .      SeeInvis .   a - +0 hand axe
rCold   . . .      Faith    .   (no shield)
rNeg    . . .      Spirit   .   b - +0 robe
rPois   .          Reflect  .   (no helmet)
rElec   .          Harm     .   (no cloak)
rCorr   .          Rampage  .   (no gloves)
Will    .....                   (no boots)
Stlth   ++........              (no amulet)
HPRegen 0.11/turn               (no ring)
MPRegen 0.08/turn               (no ring)

@: no status effects
A: no striking features
a: no special abilities


You were on level 2 of the Dungeon.
You visited 1 branch of the dungeon, and saw 2 of its levels.

You collected 29 gold pieces.

Inventory:

Hand Weapons
 a - a +0 hand axe (weapon)
Armour
 b - a +0 robe (worn)
Scrolls
 d - a scroll of teleportation {unknown}
 e - a scroll of magic mapping {unknown}
Potions
 c - a potion of resistance {unknown}


   Skills:
 + Level 4.3 Fighting
 * Level 5.6 Axes
 - Level 2.4 Dodging
 - Level 1.5 Stealth


You had 2 spell levels left.
You didn't know any spells.
Your spell library was empty.

Dungeon Overview and Level Annotations

Branches:
Dungeon (2/15)

Altars:

Shops:
D:2 (


Message History

You closely miss the kobold.
The frilled lizard hisses angrily.
You hit the rat.
You kill the rat!
The kobold misses you.
You hit the adder. You closely miss the kobold. The kobold barely misses you.
The adder closely misses you.
You barely miss the adder. You hit the kobold. The adder misses you.
The kobold hits you with a +0 short sword.
The adder barely misses you.
You hit the adder but do no damage. You hit the kobold.
The kobold barely misses you. The adder bites you.
You are poisoned.
The adder poisons you!
You miss the adder. You hit the kobold but do no damage.
You feel sick.
The kobold hits you with a +0 short sword.
The adder bites you but does no damage.
You hit the adder. You barely miss the kobold. You hit the frilled lizard.
You kill the frilled lizard!
You feel sick. The adder bites you. The adder barely misses you.
You closely miss the adder. You barely miss the kobold.
You feel sick. The kobold closely misses you. The adder misses you.
You miss the adder. You closely miss the kobold. You barely miss the kobold.
You feel sick.
The kobold barely misses you. x2; The adder bites you.
You hit the kobold.
You kill the kobold!
You hit the kobold.
You kill the kobold!
You closely miss the adder.
You feel sick. The adder closely misses you. x2
You closely miss the adder.
You feel sick.
You are no longer poisoned.
The adder closely misses you.
You hit the adder. The adder barely misses you.
You barely miss the adder. The adder bites you.
* * * LOW HITPOINT WARNING * * *
The adder bites you.
* * * LOW HITPOINT WARNING * * *
You hit the adder but do no damage. The adder barely misses you.
You closely miss the adder. The adder bites you.
You die...

..... #...#. ..... #....
.....##.#.## .....#....# #
###...#..#.##..
..............# ....<.)S...#
#..)@.#.##### .#...†.#.....#
...............#
#..../.........#
#....#.........######
....##..............####
..........#.....###....#
..!.......##.#.......#.#
..............#.....#......#..


You could see an adder.

Vanquished Creatures
  A worm (D:2)
  2 dart slugs (D:1)
  2 bats (D:1)
  6 endoplasms
  A giant cockroach (D:2)
  3 goblins
  6 hobgoblins
  2 quokkas
  A ball python (D:1)
  5 frilled lizards
  8 kobolds
  6 rats
  A spectral kobold (D:1)
44 creatures vanquished.

Vanquished Creatures (others)
  7 plants (D:1)
7 creatures vanquished.

Grand Total: 51 creatures vanquished

Notes
Turn   | Place    | Note
-------+----------+-------------------------------------------
     0 | D:1      | ILmort the Hill Orc Monk began the quest for the Orb.
     0 | D:1      | Reached XP level 1. HP: 19/19 MP: 1/1
   173 | D:1      | Reached XP level 2. HP: 18/27 MP: 2/2
   364 | D:1      | Found a faded altar of an unknown god.
   638 | D:1      | Reached skill level 5 in Axes
   902 | D:1      | Reached XP level 3. HP: 31/33 MP: 3/3
  1647 | D:2      | Found Qiyrodusu's Antique Weapon Boutique.
  1859 | D:2      | Slain by an adder

Illustrated notes

Levels and vault maps discovered:
D:1:      dpeg_arrival_more_subterranean_lakeside_camping, layout_basic,
          dreamdust_ecumenical_altar_drowned_temple, hangedman_decor_points,
          lexackson_kobold_supper
D:2:      layout_rooms, serial_shops, nicolae_shop_window_shopping

Skill      XL: |  1  2 |
---------------+-------+-----
Fighting       | 4 |  4.3
Axes           | 5 |  5.6
Dodging        | |  2.4
Stealth        | |  1.5

Action                   || total
-------------------------++-------
Melee: Hand axe          ||   144
 Stab: Sleeping          ||     2
Armor: Robe              ||    23
Dodge: Dodged            ||    87
